 Dungeon Crawl Stone Soup version 0.13-a0-2816-gd8154f0 (webtiles) character file.

17085 saturine the Fighter (level 12, -11/101 HPs)
             Began as a Lava Orc Wanderer on Aug 26, 2013.
             Was the Champion of Cheibriados.
             Mangled by an ice devil (24 damage)
             ... summoned by an orc high priest
             ... on Level 4 of the Orcish Mines.
             The game lasted 01:41:54 (18802 turns).

saturine the Fighter (Lava Orc Wanderer)           Turns: 18802, Time: 01:41:55

HP -11/101       AC 15     Str 33      XL: 12   Next:  1%
MP  16/24        EV  9     Int 26      God: Cheibriados [******]
Gold 1625        SH 29     Dex 28      Spells:  5 memorised, 12 levels left

Res.Fire  : + + +   See Invis. : .   b - +4,+1 orc hand axe
Res.Cold  : . . .   Warding    : .   s - +2 ring mail {rC+}
Life Prot.: . . .   Conserve   : .   G - +0 shield
Res.Poison: .       Res.Corr.  : .   H - +0 horned helmet
Res.Elec. : +       Clarity    : .   Z - +2 cloak {MR+}
Sust.Abil.: . .     Spirit.Shd : .   (no gloves)
Res.Mut.  : .       Stasis     : .   i - +0 pair of boots
Res.Rott. : .       Flight     : .   (no amulet)
Saprovore : + . .                    I - ring of wizardry
                                     u - +0,+9 ring of slaying

@: drained, very slow, very resistant to hostile enchantments, fairly stealthy
A: conserve scrolls, magic resistance 1, saprovore 1, electricity resistance
a: Bend Time, Temporal Distortion, Slouch, Step From Time, Renounce Religion


You were on level 4 of the Orcish Mines.
You worshipped Cheibriados.
Cheibriados was exalted by your worship.
You were not hungry.

You visited 2 branches of the dungeon, and saw 16 of its levels.

You collected 1723 gold pieces.
You spent 148 gold pieces at shops.

Inventory:

Hand weapons
 b - a +4,+1 orcish hand axe (weapon)
 c - a +2,+3 orcish hand axe of venom (quivered)
 B - a +2,+3 orcish hand axe of venom
 D - a +2,+3 orcish hand axe of venom
 F - a +2,+3 orcish hand axe of venom
Armour
 a - a +1 elven robe of cold resistance
 i - a +0 pair of boots (worn)
 k - a +2 orcish robe of positive energy
 o - a +0 leather armour of positive energy
 s - a +2 ring mail of cold resistance (worn)
 G - a +0 shield (worn)
 H - a +0 horned helmet (worn)
 Z - a +2 cloak of magic resistance (worn)
Magical devices
 h - a wand of slowing (7)
 A - a wand of fireball (3)
 C - a wand of slowing (0)
 J - a wand of teleportation (2)
 M - a wand of fire (5)
 O - a wand of invisibility (3) {unknown}
 S - a wand of polymorph (19) {unknown}
 W - a wand of digging (15) {unknown}
 X - a wand of confusion (16) {unknown}
Comestibles
 f - 2 meat rations
 z - 2 bread rations
Scrolls
 n - 3 scrolls of fog
 y - 5 scrolls of remove curse
 E - a scroll of blinking
 L - 2 scrolls of noise
 Q - 2 scrolls of fear
 U - 7 scrolls of teleportation
Jewellery
 p - an uncursed ring of sustain abilities
 r - an uncursed ring of sustenance
 t - an uncursed ring of ice
 u - a +0,+9 ring of slaying (left hand)
 w - a +2 ring of evasion
 I - a ring of wizardry (right hand)
 R - an uncursed ring of positive energy {unknown}
Potions
 e - a potion of restore abilities
 j - a potion of cure mutation
 q - 2 potions of flight
 x - a potion of might
 T - a potion of berserk rage {unknown}
Books
 l - a book of Transfigurations

   Spells                             Type                      Level
   Stoneskin                          Transmutation/Earth          2
   Polymorph                          Hexes/Transmutation          4
   Ice Form                           Ice/Transmutation            4
   Statue Form                        Transmutation/Earth          6
   Dragon Form                        Transmutation                7
 v - a book of Debilitation

   Spells                             Type                      Level
   *Corona                            Hexes                        1
   *Slow                              Hexes                        2
   *Inner Flame                       Hexes/Fire                   3
   Enslavement                        Hexes                        4
   Cause Fear                         Hexes                        4
   Leda's Liquefaction                Hexes/Earth                  4
 N - a book of Burglary

   Spells                             Type                      Level
   *Apportation                       Translocation                1
   Swiftness                          Charms/Air                   2
   *Passwall                          Transmutation/Earth          3
   Passage of Golubria                Translocation                4
   Lee's Rapid Deconstruction         Earth                        5
   Darkness                           Hexes                        7
 V - a book of Wizardry

   Spells                             Type                      Level
   Summon Elemental                   Summoning                    4
   Agony                              Necromancy                   5
   Force Lance                        Conjuration                  5
   Fireball                           Conjuration/Fire             5
   Haste                              Charms                       6
   Invisibility                       Hexes                        6
 Y - a book of Unlife

   Spells                             Type                      Level
   Recall                             Summoning/Translocation      3
   Animate Dead                       Necromancy                   4
   Control Undead                     Necromancy                   4
   Twisted Resurrection               Necromancy                   5
   Death Channel                      Necromancy                   6
   Simulacrum                         Ice/Necromancy               6
Magical staves
 K - an uncursed staff of cold


   Skills:
 + Level 11.4(11.0) Fighting
 + Level 9.6(9.2) Axes
   Level 5.3(4.9) Polearms
 + Level 9.3(8.9) Armour
 + Level 8.8(8.4) Shields
 + Level 5.8(5.4) Spellcasting
 - Level 3.6(3.2) Hexes
 + Level 8.3(7.9) Invocations


You had 12 spell levels left.
You knew the following spells:

 Your Spells              Type           Power        Failure   Level  Hunger
a - Corona                Hex            ###....      1%          1    None
b - Slow                  Hex            ###.....     3%          2    None
c - Apportation           Tloc           #.........   8%          1    None
d - Inner Flame           Hex/Fire       #####...     10%         3    #......
e - Passwall              Trmt/Erth      #.........   26%         3    #......


Dungeon Overview and Level Annotations

Branches:
Dungeon (12/27)            Temple (0/1) D:7             Orc (4/4) D:9
    Elf (0/3) Orc:3          Lair (0/8) D:10

Altars:
Cheibriados
Xom

Shops:
D:4 ?   D:8 ([/}=   D:10 [   Orc:4 =%

Portals:
Trove: D:11 (give +6,+4 demon blade)


Innate Abilities, Weirdness & Mutations

You have stony skin.
You cover ground quickly.
Your flesh is almost immune to the effects of heat.
Your fire spells are more powerful.
Your flesh is vulnerable to cold.
Your heat harms attackers.
You bathe your surroundings in blazing heat.
You are too hot to use scrolls.
You are very good at protecting items from fire.
You can tolerate rotten meat.
You are resistant to hostile enchantments.
You are resistant to electric shocks.


Message History

The ice devil is burned terribly!
The ice devil is singed by your heat.
The ice devil is heavily wounded.
Use which ability? (? or * to list) Use which ability? (? or * to list)
You fail to use your ability.
You block the red devil's attack.
The ice devil is burned by your radiant heat.
The ice devil is heavily wounded.
The ice devil hits you but does no damage.
The ice devil is singed by your heat.
The ice devil is heavily wounded.
You block the red devil's attack.
The ice devil hits you but does no damage.
The ice devil is burned terribly!
The ice devil is singed by your heat.
The ice devil is severely wounded.
You block the red devil's attack. The ice devil hits you.
* * * LOW HITPOINT WARNING * * *
The ice devil freezes you!
One of your 3 potions of flight freezes and shatters!
You die...

........#####
...............
.$.............
..........#..######
.............#∩.).#
........$.#..#))).# ###
..............#.4§.#
....
.........)....###4##..#
#.#........%..@34)....#
#...........###'###.#
#.....<......#.))).#
##...........#.)...#
.............#.....#
............#∩....#
...$..........#######
...........)).........
.......................


You could see an ice devil and 2 red devils.

Vanquished Creatures
  Fannar (Orc:2)
  An orc high priest (Orc:4)
  A hill giant (D:10)
  Erolcha (Orc:2)
  Pikel (D:4)
  2 orc sorcerers (Orc:3)
  A hellwing (Orc:4)
  A troll (D:5)
  Sonja (Orc:2)
  A blue devil (Orc:4)
  7 yaks
  A wyvern (D:8)
  5 hippogriffs
  A steam dragon (D:11)
  A deep elf fighter (D:10)
  3 hungry ghosts
  The ghost of saturine the Shooter, an average HuWn (D:4)
  A hill giant skeleton (D:11)
  A neqoxec (Orc:4)
  16 orc warriors
  3 sky beasts
  3 ice beasts
  2 slaves (D:4)
  A yellow wasp (D:11)
  10 ogres
  A phantom (D:4)
  3 crocodiles
  10 centaurs
  Duvessa (D:4)
  3 wargs
  5 giant frogs
  A gnoll sergeant (D:8)
  9 big kobolds
  A water moccasin (D:9)
  A cyclops zombie (D:11)
  2 eyes of draining
  A hippogriff skeleton (D:11)
  2 crimson imps
  4 jellies
  Dowan (D:4)
  2 quasits
  A gnoll shaman (D:8)
  A goliath beetle (D:8)
  A giant frog skeleton (D:10)
  3 iguanas
  3 scorpions
  7 hounds
  20 orc wizards
  27 orc priests
  9 worker ants
  A killer bee zombie (D:7)
  A big kobold zombie (D:10)
  A big kobold skeleton (D:11)
  An ogre zombie (D:5)
  A hound zombie (D:8)
  An ogre skeleton (D:9)
  Terence (D:2)
  A worker ant zombie (D:9)
  14 gnolls
  18 adders
  4 green rats (D:10)
  A shadow imp (Orc:4)
  An inept item mimic (D:2)
  3 worms
  A giant centipede zombie (D:12)
  2 adder skeletons
  5 giant geckos
  133 orcs
  A bat zombie (D:8)
  5 giant cockroaches
  28 hobgoblins
  6 jackals
  An ooze (D:1)
  4 quokkas
  A ball python (D:8)
  32 bats
  6 giant newts
  A giant spore (D:9)
  20 goblins
  37 kobolds
  4 orc zombies (Orc:3)
  27 rats
  A ballistomycete (D:9)
  4 fungi (D:10)
  A plant (D:10)
555 creatures vanquished.

Vanquished Creatures (others)
  A slave (D:4)
  An iguana (D:9)
  A scorpion (D:4)
  An orc (Orc:2)
  A kobold (D:4)
  A rat (D:4)
  A rat skeleton (D:4)
  A fungus (D:10)
8 creatures vanquished.

Grand Total: 563 creatures vanquished

Notes
Turn   | Place    | Note
--------------------------------------------------------------
     0 | D:1      | saturine, the Lava Orc Wanderer, began the quest for the Orb.
     0 | D:1      | Reached XP level 1. HP: 15/15 MP: 1/1
   506 | D:1      | Reached XP level 2. HP: 18/23 MP: 2/2
  1008 | D:2      | Noticed Terence
  1061 | D:2      | HP: 1/23 [inept leather armour mimic (4)]
  1370 | D:2      | Reached XP level 3. HP: 16/29 MP: 3/3
  1762 | D:2      | Reached XP level 4. HP: 25/37 MP: 4/4
  1768 | D:2      | Killed Terence
  2404 | D:3      | Learned a level 1 spell: Corona
  2663 | D:3      | Reached XP level 5. HP: 19/44 MP: 6/6
  3513 | D:3      | Reached XP level 6. HP: 45/51 MP: 7/7
  3564 | D:3      | Reached skill level 7 in Fighting
  3564 | D:3      | Reached skill level 1 in Spellcasting
  4014 | D:4      | Got a faintly glowing spear
  4059 | D:4      | Identified the cursed spear "Mnaoceopt" {slay drac, rPois} (You found it on level 4 of the Dungeon)
  4088 | D:4      | Reached skill level 1 in Hexes
  4373 | D:4      | Noticed Duvessa
  4373 | D:4      | Noticed Dowan
  4399 | D:4      | Killed Dowan
  4403 | D:4      | Killed Duvessa
  4403 | D:4      | Reached XP level 7. HP: 17/58 MP: 7/9
  4609 | D:4      | Noticed saturine's ghost (average HuWn)
  4628 | D:4      | Killed saturine's ghost
  4752 | D:4      | Noticed Pikel
  4767 | D:4      | Killed Pikel
  4767 | D:4      | Reached skill level 5 in Axes
  4767 | D:4      | Reached XP level 8. HP: 52/66 MP: 9/12
  5060 | D:4      | Reached skill level 5 in Armour
  5099 | D:4      | Found Sko Mag's Magic Scroll Emporium.
  5112 | D:4      | Bought a scroll of identify for 22 gold pieces
  5112 | D:4      | Bought a scroll of identify for 22 gold pieces
  5112 | D:4      | Bought a scroll of random uselessness for 11 gold pieces
  5153 | D:4      | Bought a scroll of enchant weapon I for 60 gold pieces
  5308 | D:5      | Entered Level 5 of the Dungeon
  5363 | D:5      | Reached skill level 8 in Fighting
  5474 | D:5      | HP: 1/67 [sky beast (5)]
  6187 | D:5      | Learned a level 2 spell: Slow
  6210 | D:5      | Noticed a troll
  6904 | D:4      | Reached skill level 5 in Shields
  7781 | D:6      | Reached skill level 1 in Polearms
  7800 | D:6      | Found a snail-covered altar of Cheibriados.
  7840 | D:6      | Became a worshipper of Cheibriados the Contemplative
  8865 | D:5      | Killed a troll
  8865 | D:5      | Reached XP level 9. HP: 37/73 MP: 13/15
  9016 | D:5      | Acquired Cheibriados' first power
  9301 | D:7      | Reached skill level 5 in Polearms
  9603 | D:7      | Reached skill level 9 in Fighting
 10569 | D:7      | Found a staircase to the Ecumenical Temple.
 10837 | D:8      | Found Areodapluu's Antique Armour Shoppe.
 10861 | D:8      | Bought a runed cloak for 33 gold pieces
 10900 | D:8      | Learned a level 1 spell: Apportation
 10901 | D:8      | Found Klelig's Magical Wand Emporium.
 10923 | D:8      | Found Schaanlis' Jewellery Shop.
 10959 | D:8      | Found Goac Zea's Gadget Boutique.
 11021 | D:8      | Acquired Cheibriados' second power
 11021 | D:8      | Reached XP level 10. HP: 65/82 MP: 19/19
 11104 | D:8      | Found Giubrol's Weapon Shop.
 11212 | D:8      | HP: 4/83 [poisoned by a gnoll sergeant]
 11535 | D:8      | Gained mutation: Your body is slowly deteriorating. [potion of mutation]
 11535 | D:8      | Gained mutation: You are resistant to hostile enchantments. [potion of mutation]
 11536 | D:8      | Lost mutation: Your body is slowly deteriorating. [potion of cure mutation]
 11536 | D:8      | Lost mutation: You are resistant to hostile enchantments. [potion of cure mutation]
 12076 | D:9      | Acquired Cheibriados' third power
 12087 | D:9      | Reached skill level 5 in Invocations
 12415 | D:9      | Reached skill level 10 in Fighting
 12728 | D:9      | Acquired Cheibriados' fourth power
 12810 | D:9      | Found a staircase to the Orcish Mines.
 12959 | Orc:1    | Entered Level 1 of the Orcish Mines
 13209 | D:10     | Entered Level 10 of the Dungeon
 13351 | D:10     | Learned a level 3 spell: Inner Flame
 13407 | D:10     | Found a staircase to the Lair.
 13489 | D:10     | Found Cruhotep's Antique Armour Emporium.
 13500 | D:10     | Reached XP level 11. HP: 43/91 MP: 21/21
 13699 | D:10     | Noticed a hill giant
 13708 | D:10     | Killed a hill giant
 14100 | D:10     | Reached skill level 5 in Spellcasting
 14941 | D:11     | Found a portal to a secret trove of treasure.
 15406 | D:11     | Gained mutation: You are resistant to hostile enchantments. [potion of beneficial mutation]
 15407 | D:11     | Gained mutation: You are resistant to electric shocks. [potion of beneficial mutation]
 15731 | Orc:1    | Found a shimmering altar of Xom.
 15959 | Orc:2    | Noticed Sonja
 15970 | Orc:2    | Killed Sonja
 16511 | Orc:2    | Reached skill level 11 in Fighting
 16670 | Orc:2    | Noticed Fannar
 16682 | Orc:2    | Killed Fannar
 16783 | Orc:2    | Noticed Erolcha
 16794 | Orc:2    | Killed Erolcha
 17707 | Orc:4    | Entered Level 4 of the Orcish Mines
 18157 | Orc:3    | Found a staircase to the Elven Halls.
 18428 | Orc:3    | Noticed a soul eater
 18676 | Orc:3    | Learned a level 3 spell: Passwall
 18729 | Orc:4    | Noticed an ettin
 18756 | Orc:4    | Found Trapoh's Food Emporium.
 18778 | Orc:4    | Found Rapoyto's Jewellery Boutique.
 18778 | Orc:4    | Noticed an orc high priest
 18795 | Orc:4    | Noticed an ice devil
 18797 | Orc:4    | Killed an orc high priest
 18797 | Orc:4    | Reached XP level 12. HP: 34/101 MP: 20/24
 18802 | Orc:4    | Mangled by an ice devil

Action                   |  1- 3 |  4- 6 |  7- 9 | 10-12 || total
-------------------------+-------+-------+-------+-------++-------
Melee: Hand axe          |   123 |   137 |   140 |   725 ||  1125
       Spear             |       |    30 |   985 |       ||  1015
 Cast: Corona            |       |       |    11 |     2 ||    13
Invok: Bend Time         |       |       |     2 |     1 ||     3
       Temporal Distorti |       |       |       |     1 ||     1
       Slouch            |       |       |       |     9 ||     9
  Use: Scroll            |       |     6 |    17 |    11 ||    34
       Potion            |       |       |     8 |    16 ||    24
